 Dungeon Crawl Stone Soup version 0.19.1-1-g22dce08 (webtiles) character file.

620 Jynx the Magician (level 7, -1/37 HPs)
             Began as a Deep Elf Fire Elementalist on Jan 6, 2017.
             Was an Initiate of Vehumet.
             Shot with an arrow by a centaur (6 damage)
             ... on level 5 of the Dungeon.
             The game lasted 00:10:14 (5141 turns).

Jynx the Magician (Deep Elf Fire Elementalist)      Turns: 5141, Time: 00:10:15

Health: -1/37      AC:  2    Str:  5    XL:     7   Next: 22%
Magic:  12/19      EV: 14    Int: 22    God:    Vehumet [......]
Gold:   270        SH:  0    Dex: 15    Spells: 4 memorised, 6 levels left

rFire  . . .     SeeInvis .     (no weapon)
rCold  . . .     Gourm    .     a - +0 robe
rNeg   . . .     Faith    .     (no shield)
rPois  .         Spirit   .     (no helmet)
rElec  .         Reflect  .     (no cloak)
rCorr  .         Harm     .     (no gloves)
MR     .....                    (no boots)
Stlth  ++........               (no amulet)
                                (no ring)
                                (no ring)

@: no status effects
A: no striking features
a: Renounce Religion


You were on level 5 of the Dungeon.
You worshipped Vehumet.
Vehumet was noncommittal.
You were hungry.

You visited 2 branches of the dungeon, and saw 6 of its levels.

You collected 270 gold pieces.

Inventory:

Armour
 a - a +0 robe (worn)
Jewellery
 n - an uncursed amulet of rage
Scrolls
 d - 2 scrolls of identify
 e - a scroll of noise {unknown}
 g - 2 scrolls of teleportation
 h - a scroll of immolation {unknown}
 m - 3 scrolls of remove curse
Potions
 i - a potion of resistance
Books
 b - a book of Flames

   Spells                             Type                      Level
   a - Flame Tongue                   Conjuration/Fire             1
   b - Throw Flame                    Conjuration/Fire             2
   c - Conjure Flame                  Conjuration/Fire             3
   d - Inner Flame                    Hexes/Fire                   3
   e - Sticky Flame                   Conjuration/Fire             4
   f - Fireball                       Conjuration/Fire             5
Comestibles
 c - 3 bread rations
 f - a beef jerky
 j - a royal jelly
 k - 3 meat rations
 l - 5 chunks of flesh


   Skills:
 + Level 0.5 Fighting
 + Level 3.4 Dodging
 + Level 3.2 Stealth
 + Level 0.2 Unarmed Combat
 + Level 6.7 Spellcasting
 + Level 4.1 Conjurations
 + Level 5.4 Fire Magic


You had 6 spell levels left.
You knew the following spells:

 Your Spells              Type           Power        Failure   Level  Hunger
a - Flame Tongue          Conj/Fire      ####.        1%          1    None
b - Conjure Flame         Conj/Fire      ####....     3%          3    #......
c - Sticky Flame          Conj/Fire      ####....     12%         4    ###....
d - Fireball              Conj/Fire      ####......   34%         5    #####..


Dungeon Overview and Level Annotations

Branches:
Dungeon (5/15)             Temple (1/1) D:4

Altars:
Ashenzari
Cheibriados
Dithmenos
Elyvilon
Kikubaaqudgha
Nemelex Xobeh
Okawaru
Ru
Sif Muna
Trog
Uskayaw
Vehumet
Xom
Yredelemnul
The Shining One

Shops:
D:5 =

Annotations:
D:4 malin's ghost, amateur DEWz


Message History

Casting: Fireball
Confirm with . or Enter, or press ? or * to list all spells.
Aiming: Flame Tongue
Press: ? - help, Shift-Dir - straight line, f/p - centaur
Aim: a centaur, wielding a shortbow (moderately wounded)
The flame tongue hits the centaur.
The centaur appears unharmed.
The centaur is moderately wounded.
The centaur shoots an arrow.
The arrow hits you!
* * * LOW HITPOINT WARNING * * *
Casting: Flame Tongue
Confirm with . or Enter, or press ? or * to list all spells.
Aiming: Flame Tongue
Press: ? - help, Shift-Dir - straight line, f/p - centaur
Aim: a centaur, wielding a shortbow (moderately wounded)
The flame tongue hits the centaur.
The centaur appears unharmed.
The centaur is moderately wounded.
The centaur shoots an arrow.
The arrow hits you.
* * * LOW HITPOINT WARNING * * *
The centaur shoots an arrow.
The arrow hits you.
You die...

#...##.....#######.# #.#
#..................###'###
#.........................
#.........................
#.....###c................
#.....# #.........#.......
#.....# #.........#..#.###
#.....# #..............#
#.....###@..........P..###
#.....##...........♣....†.
#>..).##..(.###...♣♣......
#.....##....###....♣......
########.....##....÷......
#.....#####..#..###
#.....# #......... #.....#
#.##..>###
#.....####.##.#####


You could see a centaur.

Vanquished Creatures
  Prince Ribbit (D:5)
  An ogre (D:4)
  A scorpion (D:5)
  2 orc wizards (D:4)
  An orc priest (D:4)
  3 worker ants
  A worker ant zombie (D:5)
  5 adders
  An ooze (D:2)
  A worm (D:3)
  2 dart slugs
  2 leopard geckos
  10 orcs
  6 bats
  2 gnoll zombies (D:4)
  3 goblins
  A hobgoblin (D:1)
  6 jackals
  6 kobolds
  3 quokkas
  A ball python (D:5)
  4 frilled lizards
  A jackal skeleton (D:5)
  A quokka skeleton (D:5)
  5 rats
70 creatures vanquished.

Notes
Turn   | Place    | Note
-------+----------+-------------------------------------------
     0 | D:1      | Jynx the Deep Elf Fire Elementalist began the quest for the Orb.
     0 | D:1      | Reached XP level 1. HP: 10/10 MP: 6/6
   342 | D:1      | Reached XP level 2. HP: 10/15 MP: 2/8
  1271 | D:2      | Found a sacrificial altar of Ru.
  1298 | D:2      | Reached XP level 3. HP: 19/19 MP: 7/9
  1587 | D:3      | Found a shattered altar of Ashenzari.
  1830 | D:3      | Reached skill level 4 in Spellcasting
  1849 | D:3      | Reached XP level 4. HP: 11/24 MP: 2/12
  2859 | D:4      | Noticed malin's ghost (amateur DEWz)
  2880 | D:4      | Learned a level 3 spell: Conjure Flame
  2885 | D:4      | Learned a level 4 spell: Sticky Flame
  2888 | D:4      | Noticed an ogre
  2906 | D:4      | Killed an ogre
  2906 | D:4      | Reached XP level 5. HP: 28/28 MP: 3/14
  2960 | D:4      | Reached skill level 5 in Spellcasting
  3320 | D:4      | Found a staircase to the Ecumenical Temple.
  3330 | Temple   | Entered the Ecumenical Temple
  3428 | Temple   | Became a worshipper of Vehumet
  3435 | Temple   | Learned a level 5 spell: Fireball
  3658 | D:5      | Entered Level 5 of the Dungeon
  3881 | D:4      | Reached XP level 6. HP: 21/32 MP: 11/16
  3888 | D:4      | Reached skill level 5 in Fire Magic
  4277 | D:4      | Found a basalt altar of Yredelemnul.
  4368 | D:5      | Noticed Prince Ribbit
  4373 | D:5      | HP: 1/32 [Prince Ribbit (12)]
  4376 | D:5      | Killed Prince Ribbit
  4376 | D:5      | Reached skill level 6 in Spellcasting
  4694 | D:5      | Reached XP level 7. HP: 37/37 MP: 14/18
  4906 | D:5      | Found Noorijot's Jewellery Emporium.
  4910 | D:5      | Found an iron altar of Okawaru.
  5141 | D:5      | Shot with an arrow by a centaur

Skill      XL: |  1  2  3  4  5  6 |
---------------+-------------------+-----
Fire Magic     | 4 5 |  5.4
Stealth        | 3 |  3.2
Spellcasting   | 4 5 6 |  6.7
Conjurations   | 2 3 4 |  4.1
Dodging        | 3 |  3.4
Fighting       | |  0.5
Unarmed Combat | |  0.2

Action                   |  1- 3 |  4- 6 |  7- 9 || total
-------------------------+-------+-------+-------++-------
Melee: Unarmed           |     2 |     1 |     8 ||    11
 Cast: Flame Tongue      |    75 |    65 |    25 ||   165
       Conjure Flame     |       |     2 |       ||     2
       Sticky Flame      |       |     3 |       ||     3
       Fireball          |       |       |     1 ||     1
  Use: Potion            |     1 |     1 |       ||     2
       Scroll            |       |     6 |       ||     6
  Eat: Chunk             |     3 |     9 |     1 ||    13
Armor: Robe              |    12 |     2 |       ||    14
Dodge: Dodged            |    35 |    16 |    12 ||    63
